 Dungeon Crawl Stone Soup version 0.17-a0-530-gbe3d13a (webtiles) character file.

1078 Hanyuu the Cleaver (level 8, -2/70 HPs)
             Began as a Hill Orc Fighter on Apr 12, 2015.
             Was a Follower of the Shining One.
             Hit by a tomahawk thrown by an orc warrior (11 damage)
             ... on level 6 of the Dungeon.
             The game lasted 00:12:48 (3911 turns).

Hanyuu the Cleaver (Hill Orc Fighter)               Turns: 3911, Time: 00:12:49

Health: -2/70      AC:  9    Str: 25    XL:     8   Next: 29%
Magic:  11/11      EV: 11    Int: 12    God:    the Shining One [*.....]
Gold:   273        SH:  0    Dex: 14    Spells: 0 memorised, 7 levels left

rFire  . . .     SeeInvis .     a - +0 war axe
rCold  . . .     Clarity  .     E - +4 robe of Augmentation {Str+4 Int+4 Dex+4}
rNeg   . . .     SustAb   +     (no shield)
rPois  +         Gourm    .     x - +0 helmet
rElec  .         Spirit   .     (no cloak)
rCorr  .         Warding  .     B - +0 pair of gloves
rMut   .         Stasis   .     (no boots)
MR     .....                    (no amulet)
Stlth  +.........               A - ring of poison resistance
                                h - ring of sustain abilities

@: glowing, not resistant to hostile enchantments, very unstealthy
A: no striking features
a: Renounce Religion


You were on level 6 of the Dungeon.
You worshipped the Shining One.
The Shining One was aware of your devotion.
You were not hungry.

You visited 1 branch of the dungeon, and saw 6 of its levels.

You collected 273 gold pieces.

Inventory:

Hand weapons
 a - a +0 war axe (weapon)
 z - a +0 scythe
Armour
 b - a +0 scale mail
 c - a +0 shield
 g - a +0 leather armour
 k - a +0 chain mail
 x - a +0 helmet (worn)
 B - a +0 pair of gloves (worn)
 E - the +4 robe of Augmentation (worn) {Str+4 Int+4 Dex+4}
   (You found it on level 6 of the Dungeon)

   It affects your strength (+4).
   It affects your intelligence (+4).
   It affects your dexterity (+4).
Jewellery
 h - a ring of sustain abilities (left hand)
 A - a ring of poison resistance (right hand)
Scrolls
 e - 4 scrolls of identify
 j - a scroll of amnesia
 m - a scroll of immolation {unknown}
 n - a scroll of fear {unknown}
 p - 2 scrolls of recharging {unknown}
 q - a scroll of enchant weapon {unknown}
 r - a scroll of noise {unknown}
 u - a scroll of remove curse
 y - a scroll of blinking {unknown}
Potions
 i - 2 potions of restore abilities
 o - a potion of brilliance {unknown}
 s - a potion of poison {unknown}
 t - a potion of haste {unknown}
 v - 2 potions of curing {unknown}
Books
 C - a book of Fire

   Spells                             Type                      Level
   a - Ignite Poison                  Fire/Transmutation           5
   b - Fireball                       Conjuration/Fire             5
   c - Bolt of Fire                   Conjuration/Fire             6
   d - Delayed Fireball               Conjuration/Fire             7
   e - Ring of Flames                 Charms/Fire                  7
Comestibles
 d - 4 bread rations
 f - 4 fruits
 l - 2 meat rations
 w - a slice of pizza
 D - a chunk of flesh


   Skills:
 + Level 6.2 Fighting
 * Level 8.4 Axes
 + Level 5.9 Armour
 + Level 3.7 Shields
 - Level 4.0 Invocations


You had 7 spell levels left.
You didn't know any spells.

Dungeon Overview and Level Annotations

Branches:
Dungeon (6/15)             Temple (0/1) D:4

Altars:
Fedhas
Gozag
Makhleb
Ru
Vehumet
Zin
The Shining One

Shops:
D:4 :   D:5 =


Message History

The orc warrior closely misses you.
The orc warrior hits you with a short sword.
Items here: ))) [[[ †† You hit the orc warrior but do no damage.
The orc warrior is moderately wounded.
The orc warrior hits you with a short sword!
* * * LOW HITPOINT WARNING * * *
You hit the orc warrior but do no damage.
The orc warrior is moderately wounded.
The orc warrior hits you but does no damage.
You completely miss the orc warrior.
The orc warrior is moderately wounded.
The orc warrior hits you with a short sword!
* * * LOW HITPOINT WARNING * * *
The orc warrior barely misses you.
The orc warrior throws a tomahawk.
The tomahawk hits you! The Shining One protects you from harm!
You see here a tomahawk.
The orc warrior throws a tomahawk.
The tomahawk hits you!
You die...

#..#..##.#####...###
###....###...##.......
.##........#.......###..
......#.........#..## .
......##........##.†# #
...........##.#..##..## #
..........†....#.. ##..###
.........(...#.# #.....
.........@%..#..( #.....
#.......(.............###.
.....#......#.........##
#. #....))o.............
#.
....##.....##.####......
#. #..........#.# ......#.
...#.........# #..... ..
##..#.....# ###..#
(......... #. #


You could see an orc warrior.

Vanquished Creatures
  Sigmund (D:4)
  An ice beast (D:5)
  A phantom (D:4)
  2 giant frogs
  4 hounds
  5 orc wizards
  2 crimson imps (D:5)
  2 centaur skeletons
  An iguana (D:5)
  5 adders
  4 gnolls (D:2)
  4 worms
  3 giant geckos
  11 orcs
  6 bats
  9 giant cockroaches
  12 hobgoblins
  8 jackals
  6 kobolds
  4 quokkas
  8 giant newts
  8 goblins
  A jackal skeleton (D:4)
  A quokka zombie (D:5)
  8 rats
117 creatures vanquished.

Notes
Turn   | Place    | Note
--------------------------------------------------------------
     0 | D:1      | Hanyuu, the Hill Orc Fighter, began the quest for the Orb.
     0 | D:1      | Reached XP level 1. HP: 19/19 MP: 1/1
    69 | D:1      | Reached XP level 2. HP: 27/27 MP: 2/2
    98 | D:1      | Reached skill level 4 in Fighting
   181 | D:1      | Found a glowing golden altar of the Shining One.
   423 | D:1      | Became a worshipper of the Shining One
   542 | D:1      | Reached XP level 3. HP: 30/33 MP: 3/3
   794 | D:2      | Found a burning altar of Makhleb.
   798 | D:2      | Found a blossoming altar of Fedhas.
   915 | D:2      | Found a radiant altar of Vehumet.
  1089 | D:2      | Reached XP level 4. HP: 20/40 MP: 4/4
  1601 | D:3      | Reached skill level 5 in Axes
  1601 | D:3      | Reached XP level 5. HP: 38/47 MP: 5/5
  1849 | D:3      | Found a sacrificial altar of Ru.
  1861 | D:3      | Reached skill level 1 in Invocations
  2344 | D:4      | Reached XP level 6. HP: 55/55 MP: 7/7
  2378 | D:4      | Reached skill level 5 in Fighting
  2379 | D:4      | Found Kahyal's Book Boutique.
  2536 | D:4      | Acquired the Shining One's first power
  2542 | D:4      | Reached skill level 6 in Axes
  2581 | D:4      | Found a staircase to the Ecumenical Temple.
  2762 | D:4      | Noticed Sigmund
  2781 | D:4      | Killed Sigmund
  2781 | D:4      | Reached skill level 5 in Armour
  2781 | D:4      | Reached XP level 7. HP: 49/61 MP: 7/9
  2785 | D:4      | Reached skill level 7 in Axes
  3001 | D:4      | Found a glowing silver altar of Zin.
  3002 | D:4      | Found an opulent altar of Gozag.
  3182 | D:5      | Entered Level 5 of the Dungeon
  3408 | D:5      | Reached XP level 8. HP: 68/70 MP: 9/11
  3506 | D:5      | Reached skill level 8 in Axes
  3742 | D:5      | Found Cakoetoc's Jewellery Shop.
  3910 | D:6      | The Shining One protects you from harm!
  3911 | D:6      | Hit by a tomahawk thrown by an orc warrior

Action                   |  1- 3 |  4- 6 |  7- 9 || total
-------------------------+-------+-------+-------++-------
Melee: War axe           |   100 |   148 |   108 ||   356
  Use: Scroll            |     3 |     1 |       ||     4
       Potion            |       |     2 |       ||     2
  Eat: Chunk             |       |     6 |     4 ||    10
